AoeStats
← Smilie

Arabia

510322603Analyzed
1v1 RM · 3d ago on Sep 30, 2026· 31m 34s· 2 players
Game mode
Random Map
Map size
Tiny (2 player)
Population
200
Speed
Normal
Resources
Standard
Victory
Conquest
Starting age
Dark Age
Ending age
Imperial Age
RankedLock teamsTeams togetherTeam positionsShared explorationLock speedFull tech treeHidden civsTurbo modeCheats
Victory
Defeat
🇷🇴 Romans · Romania
960
+15
🇳🇱 Lithuanians · Netherlands
932
-24
Smilie
5:50 Loom
9:12 Feudal Age
9:50 Double-Bit Axe
16:48 Bloodlines
19:19 Wheelbarrow
19:42 Scale Barding Armor
20:56 Forging
22:11 Padded Archer Armor
23:00 Fletching
26:23 Castle Age
26:41 Elite Skirmisher
26:47 Crossbowman
29:19 Gold Mining
29:51 Bow Saw
KingR
7:06 Loom
9:30 Feudal Age
13:20 Horse Collar
13:03 Man-at-Arms
15:04 Scale Mail Armor
21:43 Castle Age
20:03 Forging
21:38 Gold Mining
22:52 Wheelbarrow
22:22 Long Swordsman
23:11 Double-Bit Axe
23:38 Squires
26:51 Heavy Plow
28:32 Town Watch
30:23 Hand Cart
Connection lost

Rejoining the realm…

Still unreachable

The connection could not be restored.

Session expired

The server has moved on; the page needs a fresh start.